AoeStats
← Polar_Op

Arabia

510499953Analyzed
2v2 RM · 1d ago on Oct 1, 2026· 31m 43s· 4 players
Game mode
Random Map
Map size
Medium (4 player)
Population
200
Speed
Normal
Resources
Standard
Victory
Conquest
Starting age
Dark Age
Ending age
Imperial Age
RankedLock teamsTeams togetherTeam positionsShared explorationLock speedFull tech treeHidden civsTurbo modeCheats
Victory
Defeat
🇮🇩 Danes · Indonesia
870
+12
🇨🇳 Spanish · China
868
+12
🇦🇺 Koreans · Australia
782
-29
🇦🇺 Teutons · Australia
782
-29
Polar_Op
12:24 Feudal Age
13:21 Horse Collar
14:35 Wheelbarrow
14:08 Gold Mining
15:55 Double-Bit Axe
18:11 Fletching
20:12 Town Watch
24:34 Castle Age
24:57 Crossbowman
25:46 Thumb Ring
27:14 Hand Cart
29:45 Stone Mining
29:55 Bodkin Arrow
Jihad Herbie
13:28 Feudal Age
24:40 Castle Age
22:57 Scale Mail Armor
23:07 Forging
23:28 Horse Collar
29:19 Gold Mining
29:17 Double-Bit Axe
30:24 Chain Mail Armor
30:44 Iron Casting
30:15 Pikeman
?!
12:17 Feudal Age
14:09 Double-Bit Axe
18:58 Castle Age
19:53 Padded Archer Armor
22:00 Leather Archer Armor
30:02 Wheelbarrow
Miyu.
10:19 Feudal Age
10:28 Loom
16:45 Forging
22:04 Castle Age
20:13 Double-Bit Axe
20:40 Horse Collar
25:30 Elite Skirmisher
28:00 Gold Mining
28:58 Padded Archer Armor
29:23 Hamask
30:00 Fletching
31:50 Gambesons
32:06 Squires
31:53 Arson
Connection lost

Rejoining the realm…

Still unreachable

The connection could not be restored.

Session expired

The server has moved on; the page needs a fresh start.